Workbook
Name ValidDepts: Ambulatorio!#REF!
Name ValidDepts: Assistencial!#REF!
Name ValidDepts: SADT!#REF!
Name ValidDepts: 'Urgência Emergência'!#REF!
Name ValidDepts: #REF!

Sheet Capa
A3: ORGANIZAÇÃO SOCIAL: | D3: INSTITUTO SANTE
A5: HOSPITAL: | D5: HOSPITAL REGIONAL TEREZINHA GAIO BASSO
B13: SUPERVISÃO E ACOMPANHAMENTO DA EXECUÇÃO DO CONTRATO DE GESTÃO nº 07/2023
A21: MAIO
A29: SÃO MIGUEL DO OESTE, 15 DE JUNHO DE 2025.

Sheet Leitos
A1: Planilha - Atividade Assistencial Hospitalar - Mensal
A3: Hospital: | B3: HOSPITAL REGIONAL TEREZINHA GAIO BASSO
A4: Mês/Ano: | B4: 45778
A6: 1 Leitos
A7: Clinicas | B7: Leito Existente | C7: Leito Desativado | D7: Leito Bloqueado | E7: Leito Extra
A8: =Assistencial!A8 -> 1. Clínica Cirúrgica | B8: 35 | C8: 0 | D8: 0 | E8: 0
A9: =Assistencial!A9 -> 2. Clínica Médica | B9: 34 | C9: 0 | D9: 0 | E9: 0
A10: =Assistencial!A10 -> 3. Oncologia Clínica | B10: 0 | C10: 0 | D10: 0 | E10: 0
A11: =Assistencial!A11 -> 4. Oncologia Cirúrgica | B11: 0 | C11: 0 | D11: 0 | E11: 0
A12: =Assistencial!A12 -> 5. Clínica Gineco/Obstétrica | B12: 7 | C12: 0 | D12: 0 | E12: 0
A13: =Assistencial!A13 -> 6. Clínica Pediátrica | B13: 6 | C13: 0 | D13: 0 | E13: 0
A14: =Assistencial!A14 -> 7. UTI Adulto | B14: 10 | C14: 0 | D14: 0 | E14: 0
A15: Total | B15: =SUM(B8:B14) -> 92 | C15: =SUM(C8:C14) -> 0 | D15: =SUM(D8:D14) -> 0 | E15: =SUM(E8:E14) -> 0
A18: 2. Leitos CNES 6683134
A19: COMPLEMENTAR
A20: UTI ADULTO - TIPO II | C20: 10
A21: ESPEC - CIRURGICO
A22: BUCO MAXILO FACIAL | C22: 1
A23: CIRURGIA GERAL | C23: 17
A24: GINECOLOGIA | C24: 1
A25: NEFROLOGIA / UROLOGIA | C25: 2
A26: NEUROCIRURGIA | C26: 2
A27: OFTALMOLOGIA | C27: 1
A28: ORTOPEDIA / TRAUMATOLOGIA | C28: 10
A29: OTORRINOLARINGOLOGIA | C29: 1
A30: ESPEC - CLINICO
A31: CARDIOLOGIA | C31: 2
A32: CLINICA GERAL | C32: 20
A33: NEFRO / UROLOGIA | C33: 3
A34: NEUROLOGIA | C34: 2
A35: ONCOLOGIA | C35: 2
A36: PNEUMOLOGIA | C36: 5
A37: OBSTETRICO
A38: OBSTETRICIA CIRURGICA | C38: 5
A39: OBSTETRICIA CLINICA | C39: 2
A40: PEDIATRICO
A41: PEDIATRIA CLINICA | C41: 6
A42: TOTAL | C42: =SUM(C19:C41) -> 92
C43: =IF(C42+C15+D15+E15=B15,"ok","rever") -> ok

Sheet Urgência Emergência
A1: Planilha - Atividade Assistencial - Mensal
A3: Hospital: | B3: HOSPITAL REGIONAL TEREZINHA GAIO BASSO
A4: Mês/Ano: | B4: =Leitos!B4 -> 45778
A6: 1. ATENDIMENTO DE URGÊNCIA E EMERGÊNCIA
F7: Quantidade
A8: 1. Atendimento de Urgência e Emergência em Atenção Especializada | F8: 2937
A9: 2. Cirurgias de Urgência e Emergência | F9: 506
A10: Total | F10: =SUM(F8:F9) -> 3443
A11: *CG, PAG 39, 1.5.3. A EXECUTORA deverá enviar mensalmente até o 15º dia subsequente ao mês de produção, as seguintes informações: o quantitativo de atendimentos de Urgência/Emergência, escala de serviço médico e de enfermagem da EMG, escala de sobreaviso das especialidades, Relatório do Sistema de Gestão Hospitalar com o número de atendimentos conforme a Classificação de Risco.

Sheet Assistencial
A1: Planilha - Atividade Assistencial Hospitalar - Mensal
A3: Hospital: | B3: HOSPITAL REGIONAL TEREZINHA GAIO BASSO | G3: CNES: | H3: 6683134
A4: Mês/Ano: | B4: 45778
A6: 1. ASSISTÊNCIA HOSPITALAR - INTERNAÇÃO
A7: Clinicas | B7: Altas | C7: Transferências Externas | D7: Óbitos < 24hs | E7: Óbitos >= 24hs | F7: Saídas Hospitalares | G7: Transferências Internas (UTI) | H7: Leitos Operacionais Dia | I7: Pacientes - Dia
A8: 1. Clínica Cirúrgica | B8: =289-57-7-1-6 -> 218 | C8: 7 | D8: 1 | E8: 6 | F8: =SUM(B8:E8) -> 232 | G8: - | H8: 806 | I8: 726
A9: 2. Clínica Médica | B9: =264-19-23-9-21-1 -> 191 | C9: 23 | D9: 9 | E9: 21 | F9: =SUM(B9:E9) -> 244 | G9: - | H9: =775+31 -> 806 | I9: =743+242 -> 985
A10: 3. Oncologia Clínica | B10: =19-5 -> 14 | C10: 0 | D10: 0 | E10: 5 | F10: =SUM(B10:E10) -> 19 | G10: - | H10: 195 | I10: 153
A11: 4. Oncologia Cirúrgica | B11: =57-1 -> 56 | C11: 0 | D11: 0 | E11: 1 | F11: =SUM(B11:E11) -> 57 | G11: - | H11: 270 | I11: 230
A12: 5. Clínica Gineco/Obstétrica | B12: =110-2 -> 108 | C12: 2 | D12: 0 | E12: 0 | F12: =SUM(B12:E12) -> 110 | G12: - | H12: =465-186 -> 279 | I12: =399-269 -> 130
A13: 6. Clínica Pediátrica | B13: =83-3 -> 80 | C13: 3 | D13: 0 | E13: 0 | F13: =SUM(B13:E13) -> 83 | G13: - | H13: 186 | I13: 269
A14: 7. UTI Adulto | B14: - | C14: 0 | D14: 2 | E14: 12 | F14: =SUM(B14:E14) -> 14 | G14: 30 | H14: 310 | I14: 300
A15: Total | B15: =SUM(B8:B13) -> 667 | C15: =SUM(C8:C14) -> 35 | D15: =SUM(D8:D14) -> 12 | E15: =SUM(E8:E14) -> 45 | F15: =SUM(F8:F14) -> 759 | G15: =SUM(G14) -> 30 | H15: =SUM(H8:H14) -> 2852 | I15: =SUM(I8:I14) -> 2793
A16: C.G., PAG. 39, 1.6.2. Para fins de aferição de meta serão consideradas as Saídas Hospitalares ocorridas entre o dia 1º a 30/31 de cada mês, tendo como parâmetro o dia de saída do paciente do Hospital.
A17: 1.1 Saídas das UTIs por Clínica (Transf. Externas + Óbitos) | D17: 1.2 Transf. Internas das UTIs por Clínica
A18: Clinicas | B18: N° Saídas | D18: Clinicas | E18: N° Transferências
A19: =A8 -> 1. Clínica Cirúrgica | B19: 2 | D19: =A19 -> 1. Clínica Cirúrgica | E19: 18
A20: =A9 -> 2. Clínica Médica | B20: 11 | D20: =A20 -> 2. Clínica Médica | E20: 12
A21: =A10 -> 3. Oncologia Clínica | B21: 0 | D21: =A21 -> 3. Oncologia Clínica | E21: 0
A22: =A11 -> 4. Oncologia Cirúrgica | B22: 1 | D22: =A22 -> 4. Oncologia Cirúrgica | E22: 0
A23: =A12 -> 5. Clínica Gineco/Obstétrica | B23: 0 | D23: =A23 -> 5. Clínica Gineco/Obstétrica | E23: 0
A24: =A13 -> 6. Clínica Pediátrica | B24: 0 | D24: =A24 -> 6. Clínica Pediátrica | E24: 0
A25: 7. Outra Unidade Hospitalar | B25: 0 | D25: Total | E25: =SUM(E19:E24) -> 30
A26: Total | B26: =SUM(B19:B25) -> 14 | E26: =IF(E25=G14,"OK","REVER") -> OK
B27: =IF(B26=F14,"OK","REVER") -> OK
A29: 1.3 Clínicas | B29: Número de Saídas Hospitalares | D29: Bases para o cálculo do número de saídas
B30: Média Mensal | C30: % Total | D30: Leitos Operacionais | E30: Permanência Média | F30: Taxa de Ocupação
A31: =A8 -> 1. Clínica Cirúrgica | B31: =F8 -> 232 | C31: =B31/$B$38 -> 0.30566535 | D31: =H8 -> 806 | E31: =I8/F8 -> 3.1293103 | F31: =I8/H8 -> 0.90074442
A32: =A9 -> 2. Clínica Médica | B32: =F9 -> 244 | C32: =B32/$B$38 -> 0.32147563 | D32: =H9 -> 806 | E32: =I9/F9 -> 4.0368852 | F32: =I9/H9 -> 1.2220844
A33: =A10 -> 3. Oncologia Clínica | B33: =F10 -> 19 | C33: =B33/$B$38 -> 0.025032938 | D33: =H10 -> 195 | E33: =I10/F10 -> 8.0526316 | F33: =I10/H10 -> 0.78461538
A34: =A11 -> 4. Oncologia Cirúrgica | B34: =F11 -> 57 | C34: =B34/$B$38 -> 0.075098814 | D34: =H11 -> 270 | E34: =I11/F11 -> 4.0350877 | F34: =I11/H11 -> 0.85185185
A35: =A12 -> 5. Clínica Gineco/Obstétrica | B35: =F12 -> 110 | C35: =B35/$B$38 -> 0.14492754 | D35: =H12 -> 279 | E35: =I12/F12 -> 1.1818182 | F35: =I12/H12 -> 0.46594982
A36: =A13 -> 6. Clínica Pediátrica | B36: =F13 -> 83 | C36: =B36/$B$38 -> 0.10935441 | D36: =H13 -> 186 | E36: =I13/F13 -> 3.2409639 | F36: =I13/H13 -> 1.4462366
A37: =A14 -> 7. UTI Adulto | B37: =F14 -> 14 | C37: =B37/$B$38 -> 0.018445323 | D37: =H14 -> 310 | E37: =I14/(G14+F14) -> 6.8181818 | F37: =I14/H14 -> 0.96774194
A38: Total | B38: =SUM(B31:B37) -> 759 | C38: =B38/$B$38 -> 1 | D38: =SUM(D31:D37) -> 2852 | E38: =AVERAGE(E31:E37) -> 4.3564112 | F38: =I15/H15 -> 0.97931276

Sheet Ambulatorio
A1: Planilha - Atividade Assistencial Ambulatorial - Mensal
A3: Hospital: | B3: HOSPITAL REGIONAL TEREZINHA GAIO BASSO
A4: Mês/Ano: | B4: 45778
A6: 1. ATENDIMENTO AMBULATORIAL
A7: 1.1 Consultas Médicas
A8: Especialidade | B8: Primeiras Consultas (TCGA, Agenda Interna e Regulação**) | C8: Interconsulta | D8: Consulta Subsequente | E8: Total
A9: Anestesiologia | B9: 42 | C9: 0 | D9: 59 | E9: =SUM(B9:D9) -> 101
A10: Cardiologia | B10: 90 | C10: 0 | D10: 88 | E10: =SUM(B10:D10) -> 178
A11: Cirurgia Geral | B11: =59+1 -> 60 | C11: 0 | D11: =52+62+4+3 -> 121 | E11: =SUM(B11:D11) -> 181
A12: Cirurgia Vascular | B12: 61 | C12: 0 | D12: =47+21 -> 68 | E12: =SUM(B12:D12) -> 129
A13: Clínica Médica Geral | B13: 0 | C13: 0 | D13: 4 | E13: =SUM(B13:D13) -> 4
A14: Gastroenterologia | B14: 13 | C14: 0 | D14: 13 | E14: =SUM(B14:D14) -> 26
A15: Ginecologia/obstetrícia | B15: 19 | C15: 0 | D15: 21 | E15: =SUM(B15:D15) -> 40
A16: Hepatologia | B16: 12 | C16: 0 | D16: 15 | E16: =SUM(B16:D16) -> 27
A17: Infectologia | B17: 5 | C17: 0 | D17: 32 | E17: =SUM(B17:D17) -> 37
A18: Mastologia | B18: 9 | C18: 0 | D18: 8 | E18: =SUM(B18:D18) -> 17
A19: Neurocirurgia | B19: 0 | C19: 0 | D19: 17 | E19: =SUM(B19:D19) -> 17
A20: Neurologia | B20: 13 | C20: 0 | D20: =15+19+2 -> 36 | E20: =SUM(B20:D20) -> 49
A21: Oftalmologia | B21: 215 | C21: 0 | D21: =163+16 -> 179 | E21: =SUM(B21:D21) -> 394
A22: Oncologia Clínica | B22: =76+12 -> 88 | C22: 0 | D22: =280+345+1+1 -> 627 | E22: =SUM(B22:D22) -> 715
A23: Oncologia Cirúrgica | B23: 41 | C23: 0 | D23: =119+48 -> 167 | E23: =SUM(B23:D23) -> 208
A24: Ortopedia/Traumatologia | B24: 240 | C24: 0 | D24: =35+188 -> 223 | E24: =SUM(B24:D24) -> 463
A25: Otorrinolaringologia Adulto | B25: 3 | C25: 0 | D25: =41+14 -> 55 | E25: =SUM(B25:D25) -> 58
A26: Otorrinolaringologia Pediátrica | B26: 23 | C26: 0 | D26: 11 | E26: =SUM(B26:D26) -> 34
A27: Pediatria | B27: 0 | C27: 0 | D27: 56 | E27: =SUM(B27:D27) -> 56
A28: Pneumologia | B28: 10 | C28: 0 | D28: 24 | E28: =SUM(B28:D28) -> 34
A29: Proctologia | B29: 10 | C29: 0 | D29: 16 | E29: =SUM(B29:D29) -> 26
A30: Urologia | B30: =28 -> 28 | C30: 0 | D30: =14+11+3 -> 28 | E30: =SUM(B30:D30) -> 56
A31: Total | B31: =SUM(B9:B30) -> 982 | C31: =SUM(C9:C30) -> 0 | D31: =SUM(D9:D30) -> 1868 | E31: =SUM(E9:E30) -> 2850
A33: 1.2 Procedimentos Ambulatoriais
A34: Especialidade | B34: Realizado Regulação** | C34: Agenda Interna | D34: Total
A35: Procedimentos Oftalmológicos (fotocoagulação a laser, outros...) | B35: 20 | C35: 9 | D35: =SUM(B35:C35) -> 29
A36: Procedimentos de Quimioterapia (nº de sessões) | B36: - | C36: 501 | D36: =SUM(B36:C36) -> 501
A37: Total | B37: =SUM(B35:B36) -> 20 | C37: =SUM(C35:C36) -> 510 | D37: =SUM(D35:D36) -> 530
A39: 1.3 Consultas não médicas
A40: Especialidade | B40: =B34 -> Realizado Regulação** | C40: =C34 -> Agenda Interna | D40: Total
A41: Bucomaxilofacial | B41: 2 | C41: 7 | D41: =SUM(B41:C41) -> 9
A42: Fonoaudiologia | B42: - | C42: 0 | D42: =SUM(B42:C42) -> 0
A43: Nutrição Clínica | B43: - | C43: 10 | D43: =SUM(B43:C43) -> 10
A44: Psicologia | B44: - | C44: 129 | D44: =SUM(B44:C44) -> 129
A45: Total | B45: =SUM(B41:B44) -> 2 | C45: =SUM(C41:C44) -> 146 | D45: =SUM(D41:D44) -> 148
A47: 2. ATENDIMENTO AMBULATORIAL - REGULAÇÃO
A48: 2.1 Consultas Médicas disponibilizadas para a Central de Regulação Ambulatorial
A50: Especialidade | B50: Nº de Consultas disponibilizadas para Regulação | C50: Nº de Consultas agendadas com os pacientes oriundos da Regulação | D50: Nº de Consultas Realizadas com os pacientes oriundos da Regulação** | E50: Nº de Pacientes Faltantes oriundos do agendamento da Regulação
A51: Cardiologia | B51: 120 | C51: 106 | D51: 90 | E51: =C51-D51 -> 16
A52: Cirurgia Geral | B52: 70 | C52: 63 | D52: 59 | E52: =C52-D52 -> 4
A53: Cirurgia Vascular | B53: 110 | C53: 83 | D53: 61 | E53: =C53-D53 -> 22
A54: Gastroenterologia | B54: 15 | C54: 15 | D54: 13 | E54: =C54-D54 -> 2
A55: Ginecologia/obstetrícia | B55: 25 | C55: 23 | D55: 19 | E55: =C55-D55 -> 4
A56: Hepatologia | B56: 15 | C56: 14 | D56: 12 | E56: =C56-D56 -> 2
A57: Infectologia | B57: 5 | C57: 5 | D57: 5 | E57: =C57-D57 -> 0
A58: Neurocirurgia | B58: 0 | C58: 0 | D58: 0 | E58: =C58-D58 -> 0
A59: Neurologia | B59: 25 | C59: 20 | D59: 13 | E59: =C59-D59 -> 7
A60: Oftalmologia | B60: 320 | C60: 261 | D60: 215 | E60: =C60-D60 -> 46
A61: Oncologia | B61: 135 | C61: 126 | D61: 115 | E61: =C61-D61 -> 11
A62: Ortopedia/Traumatologia | B62: 303 | C62: 293 | D62: 240 | E62: =C62-D62 -> 53
... A67: Urologia | B67: 35 | C67: 35 | D67: 27 | E67: =C67-D67 -> 8
A68: Total | B68: =SUM(B51:B67) -> 1228 | C68: =SUM(C51:C67) -> 1094 | D68: =SUM(D51:D67) -> 915 | E68: =SUM(E51:E67) -> 179
A70: 2.2 Procedimentos Ambulatoriais
A71: Especialidade | B71: =B50 -> Nº de Consultas disponibilizadas para Regulação | C71: =C50 -> Nº de Consultas agendadas com os pacientes oriundos da Regulação | D71: =D50 -> Nº de Consultas Realizadas com os pacientes oriundos da Regulação** | E71: =E50 -> Nº de Pacientes Faltantes oriundos do agendamento da Regulação
A72: Procedimentos Oftalmológicos (fotocoagulação a laser, outros...) | B72: 30 | C72: 15 | D72: 8 | E72: =C72-D72 -> 7
A73: Total | B73: =SUM(B72:B72) -> 30 | C73: =SUM(C72:C72) -> 15 | D73: =SUM(D72:D72) -> 8 | E73: =SUM(E72:E72) -> 7
A75: 2.3 Consultas não médicas
A76: Especialidade | B76: =B71 -> Nº de Consultas disponibilizadas para Regulação | C76: =C71 -> Nº de Consultas agendadas com os pacientes oriundos da Regulação | D76: =D71 -> Nº de Consultas Realizadas com os pacientes oriundos da Regulação** | E76: =E71 -> Nº de Pacientes Faltantes oriundos do agendamento da Regulação
A77: Bucomaxilofacial | B77: 3 | C77: 3 | D77: 2 | E77: =C77-D77 -> 1
A78: Total | B78: =SUM(B77:B77) -> 3 | C78: =SUM(C77:C77) -> 3 | D78: =SUM(D77:D77) -> 2 | E78: =SUM(E77:E77) -> 1
A81: * Otorrino adulto: Os três pacientes que realizaram, são oirundos de reagendamentos de meses anteriores.

Sheet SADT
A1: Planilha - Atividade Assistencial - Mensal
A3: Hospital: | B3: HOSPITAL REGIONAL TEREZINHA GAIO BASSO
A4: Mês/Ano: | B4: 45778
A6: 1.SERVIÇOS DE APOIO DIAGNÓSTICO E TERAPÊUTICO - EXTERNO REALIZADO
B7: Realizado Regulação** | C7: Agenda Interna Hospital + TCGA | D7: Total / Mês
A8: Colonoscopia | B8: 67 | C8: 33 | D8: =SUM(B8:C8) -> 100
A9: Endoscopia | B9: 221 | C9: 17 | D9: =SUM(B9:C9) -> 238
A10: Exames de Anatomia Patológica | B10: 0 | C10: 1071 | D10: =SUM(B10:C10) -> 1071
A11: Mamografia | B11: 208 | C11: 15 | D11: =SUM(B11:C11) -> 223
A12: Radiologia | B12: 868 | C12: 312 | D12: =SUM(B12:C12) -> 1180
A13: Retinografia Colorida Binocular | B13: 8 | C13: 0 | D13: =SUM(B13:C13) -> 8
A14: Tomografia/Angiotomografia | B14: 149 | C14: 332 | D14: =SUM(B14:C14) -> 481
A15: Ultrassonografia | B15: 377 | C15: 148 | D15: =SUM(B15:C15) -> 525
A16: Total | B16: =SUM(B8:B15) -> 1898 | C16: =SUM(C8:C15) -> 1928 | D16: =SUM(D8:D15) -> 3826
A17: 1.8.4. Para fins de aferição de meta serão considerados exames externos os atendimentos realizados em caráter eletivo, ocorridos entre o dia 1º a 30/31 de cada mês, tendo como parâmetro o dia em que o paciente realizou o exame no Hospital. Esta meta será acompanhada através do Sistema de Informações Ambulatoriais.
A19: 2. SADT Externo - Regulação
A20: Especialidade | C20: Nº de exames disponibilizadas para Regulação | D20: Nº de exames agendadas com os pacientes oriundos da Regulação | E20: Nº de exames Realizadas com pacientes oriundos da Regulação** | F20: Nº de Pacientes Faltantes oriundos do agendamento da Regulação
A22: =A8 -> Colonoscopia | C22: 100 | D22: 81 | E22: 67 | F22: =D22-E22 -> 14
A23: =A9 -> Endoscopia | C23: 250 | D23: 244 | E23: 221 | F23: =D23-E23 -> 23
A24: =A10 -> Exames de Anatomia Patológica | C24: 0 | D24: 0 | E24: 0 | F24: =D24-E24 -> 0
A25: =A11 -> Mamografia | C25: 250 | D25: 238 | E25: 208 | F25: =D25-E25 -> 30
A26: =A12 -> Radiologia | C26: 1000 | D26: 1000 | E26: 868 | F26: =D26-E26 -> 132
A27: =A13 -> Retinografia Colorida Binocular | C27: 10 | D27: 9 | E27: 8 | F27: =D27-E27 -> 1
A28: =A14 -> Tomografia/Angiotomografia | C28: 210 | D28: 173 | E28: 149 | F28: =D28-E28 -> 24
A29: =A15 -> Ultrassonografia | C29: 600 | D29: 443 | E29: 377 | F29: =D29-E29 -> 66
A30: =A16 -> Total | C30: =SUM(C22:C29) -> 2420 | D30: =SUM(D22:D29) -> 2188 | E30: =SUM(E22:E29) -> 1898 | F30: =SUM(F22:F29) -> 290
A32: 3. Exames Internos - Internação
D33: Nº Exames
A34: Eletrocardiograma | D34: 386
A35: Exames Anatomopatológicos | D35: 343
A36: Exames de Colonoscopia | D36: 3
A37: Exames de Endoscopia | D37: 15
A38: Exames de Mamografia | D38: 0
A39: Exames de Radiologia | D39: 488
A40: Exames de Tomografias | D40: 203
A41: Exames de Ultrassom | D41: 105
A42: Exames Laboratoriais | D42: 6491
A43: Total | D43: =SUM(D34:D42) -> 8034
A45: 4. Exames Internos - Urgência e Emergência
D46: Nº Exames
A47: Eletrocardiograma | D47: 370
A48: Exames Anatomopatológicos | D48: 75
A49: Exames de Colonoscopia | D49: 1
A50: Exames de Endoscopia | D50: 12
A51: Exames de Mamografia | D51: 0
A52: Exames de Radiologia | D52: 1501
A53: Exames de Tomografias | D53: 1002
A54: Exames de Ultrassom | D54: 137
A55: Exames Laboratoriais | D55: 13918
A56: Total | D56: =SUM(D47:D55) -> 17016

Sheet Atividade Cirúrgica
A1: Planilha - Atividade Assistencial Hospitalar - Mensais
A3: Hospital: | B3: HOSPITAL REGIONAL TEREZINHA GAIO BASSO
A4: Mês/Ano: | B4: 45778
A6: 1. Cirurgias
C7: Quantidade
A8: a) Cirurgias de Média Complexidade | C8: 522
A9: b) Cirurgias de Alta Complexidade | C9: 113
A10: Nº Total de Cirurgias | C10: =SUM(C8:C9) -> 635
A12: 2. Atividade Cirúrgica
C13: Quantidade
A14: Eletiva* | C14: 131
A15: Urgência | C15: 504
A16: Nº Total de Cirurgias | C16: =SUM(C14:C15) -> 635
A17: *CG, PAG. 33, 21.1.1. O Hospital deverá destinar, no mínimo 15% (quinze por cento), do volume total de cirurgias realizadas no mês, aos pacientes eletivos, em lista de espera, encaminhados pela Central de Regulação de Internações Hospitalares (drive cirúrgico).
A19: 2.2. Indicadores da Atividade Cirúrgica
C20: Quantidade
A21: Taxa de Cirurgias Eletivas | C21: =C14/C16 -> 0.20629921
A22: Taxa de Cirurgias de Urgência | C22: =C15/C16 -> 0.79370079
A24: 3. Salas Cirúrgicas
C25: Quantidade
A26: N° Salas Cirúrgicas Operacionais/Dia | C26: 4
A29: 4. Cirurgias de Média Complexidade
A30: Código | B30: Nome do procedimento realizado | C30: Quantidade
A31: 02.01.01.026-7 - BIOPSIA DE LESAO DE PARTES MOLES (POR AGULHA / CEU ABERTO) | C31: 7
A32: 02.01.01.033-0 - BIOPSIA DE OSSO / CARTILAGEM DE MEMBRO SUPERIOR (POR AGULHA / CEU ABERTO) | C32: 2
A33: 02.09.01.004-5 - LAPAROSCOPIA | C33: 2
A34: 02.09.01.006-1 - VIDEOLAPAROSCOPIA | C34: 1
A35: 02.09.02.001-6 - CISTOSCOPIA E/OU URETEROSCOPIA E/OU URETROSCOPIA | C35: 13
A36: 02.09.04.001-7 - BRONCOSCOPIA (BRONCOFIBROSCOPIA) | C36: 5
A37: 03.10.01.003-9 - PARTO NORMAL | C37: 54
A38: 04.01.01.003-1 - DRENAGEM DE ABSCESSO | C38: 4
A39: 04.01.01.005-8 - EXCISAO DE LESAO E/OU SUTURA DE FERIMENTO DA PELE ANEXOS E MUCOSA | C39: 4
A40: 04.01.01.006-6 - EXCISÃO E/OU SUTURA SIMPLES DE PEQUENAS LESÕES / FERIMENTOS DE PELE / ANEXOS E MUCOSA | C40: 1
A41: 04.01.02.005-3 - EXCISÃO E SUTURA DE LESAO NA PELE C/ PLÁSTICA EM Z OU ROTAÇÃO DE RETALHO | C41: 6
A42: 04.01.02.010-0 - EXTIRPAÇÃOE SUPRESSÃO DE LESÃO DE PELE E DE TECIDO CELULAR SUBCUTÂNEO | C42: 1
... A169: 04.18.02.003-5 - RETIRADA DE CATETER TIPO TENCKHOFF / SIMILAR DE LONGA PERMANÊNCIA | C169: 5
A170: Nº Total de Cirurgias de Média Complexidade | C170: =SUM(C31:C169) -> 522
A172: 5. Cirurgias de Alta Complexidade
A173: Código | B173: Nome do procedimento realizado | C173: Quantidade
A174: 04.07.01.019-0 - GASTRORRAFIA | C174: 1
A175: 04.07.04.002-1 - DRENAGEM DE ABSCESSO SUBFRÊNICO | C175: 1
A176: 04.07.04.016-1 - LAPAROTOMIA EXPLORADORA | C176: 1
A177: 04.07.04.018-8 - LIBERAÇÃO DE ADERÊNCIAS INTESTINAIS | C177: 1
A178: 04.07.04.025-0 - TRATAMENTO CIRÚRGICO DE PERITONITE | C178: 1
A179: 04.08.06.036-0 - RETIRADA DE FIXADOR EXTERNO | C179: 1
A180: 04.08.05.062-4 - TRATAMENTO CIRÚRGICO DE FRATURA SUPRACONDILEANA DO FÊMUR (METÁFISE DISTAL) | C180: 1
A181: 04.16.02.023-2 - LINFADENECTOMIA INGUINAL UNILATERAL EM ONCOLOGIA | C181: 1
A182: 04.09.06.004-6 - CURETAGEM SEMIOTICA C/ OU S/ DILATACAO DO COLO DO UTERO | C182: 1
A183: 04.15.04.003-5 - DEBRIDAMENTO DE ULCERA / DE TECIDOS DESVITALIZADOS | C183: 1
A184: 04.03.01.010-1 - DERIVAÇÃO VENTRICULAR PARA PERITÔNEO / ÁTRIO / PLEURA / RAQUE | C184: 1
A185: 04.08.04.008-4 - ARTROPLASTIA TOTAL PRIMÁRIA DO QUADRIL CIMENTADA | C185: 1
... A286: 04.08.02.044-0 - TRATAMENTO CIRÚRGICO DE FRATURA LESÃO FISARIA DOS OSSOS DO ANTEBRAÇO | C286: 1
A287: Nº Total de Cirurgias Alta Complexidade | C287: =SUM(C174:C286) -> 113
B289: 6. Partos
C290: Quantidade
B291: Nº Total de Cesáreas | C291: 35
B292: Nº Total de Partos Normais | C292: 54
B293: Nº Total de Partos (Cesáreas + Partos Normais) | C293: =C291+C292 -> 89

Sheet Qualidade
A1: Planilha - Indicadores de Qualidade Mensais
A3: Hospital: | B3: =Capa!D5 -> HOSPITAL REGIONAL TEREZINHA GAIO BASSO
A4: Mês/Ano: | B4: =Assistencial!B4 -> 45778
A6: 1. Apresentação de Autorização de Internação Hospitalar (AIH) | C6: Quantidade
A7: Nº de AIH’s apresentadas à GMAPS | C7: 756
A8: Nº de Saídas Hospitalares informadas pelo Hospital no mês | C8: =B29 -> 759
A10: 2. Controle de Infecção Hospitalar
B11: N° Infecção Geral Hospitalar | D11: Taxa Infecção geral hospitalar
B12: 19 | D12: =B12/B29 -> 0.025032938
B14: 2.1 Controle de Infecção Hospitalar - UTI Adulto
B15: N° Infecções Hospitalares | C15: N° Infecções Corrente Sang. em Pac. com CVC | D15: N° Pac./Dia com CVC | E15: Nº de Pneumonias em Pacientes com Vent. Mecânica | F15: Nº de Pac./Dia com Ventilação Mecânica
B16: 10 | C16: 2 | D16: 272 | E16: 4 | F16: 170
B18: 2.3 Controle de Infecção Hospitalar - UTI Adulto
B19: DIH UTI | C19: DIIH CVC UTI | D19: Taxa VM UTI
B20: =B16/Assistencial!I14*1000 -> 33.333333 | C20: =C16/D16*1000 -> 7.3529412 | D20: =F16/Assistencial!I14 -> 0.56666667
A21: CG, PAG.46, 2.7.3. O cumprimento da meta está relacionado ao envio do relatório mensal, elaborado pelo Serviço de Controle de Infecção Hospitalar da unidade, que contenha o valor dos indicadores mensais, a análise dos resultados com o comparativo de referência (utilizado pelo Serviço de Controle de Infecção Hospitalar do hospital) e o plano de ação com as medidas de correção e controle, quando se fizerem necessárias. O Relatório deverá estar assinado pelo enfermeiro e médico infectologista do serviço.
A24: 3. Mortalidade | D24: 3.3 Mortalidade Operatória por ASA
B25: Quantidade | E25: Nº de Pacientes Operados | F25: Nº de Óbitos até 7 Dias | G25: Taxa de Mortalidade Operatória | H25: Nº Cirurgias de Urgência | I25: Taxa de Cirurgias de Urgência por ASA
A26: Nº de óbitos ≥ 24hs de internação no mês (N° Óbitos Institucionais) | B26: 33 | D26: Avaliação Anestésica ASA 1 | E26: 114 | F26: 0 | G26: =F26/E26 -> 0 | H26: 129 | I26: =H26/H32 -> 0.25595238
A27: N° Óbitos até 7 Dias após Proc. Cirúrgico | B27: 5 | D27: Avaliação Anestésica ASA 2 | E27: 264 | F27: 1 | G27: =F27/E27 -> 0.0037878788 | H27: 289 | I27: =H27/H32 -> 0.5734127
A28: N° Total Pacientes Operados | B28: =E32 -> 456 | D28: Avaliação Anestésica ASA 3 | E28: 73 | F28: 3 | G28: =F28/E28 -> 0.04109589 | H28: 80 | I28: =H28/H32 -> 0.15873016
A29: Nº Total de Saídas Hospitalares | B29: =Assistencial!F15 -> 759 | D29: Avaliação Anestésica ASA 4 | E29: 5 | F29: 1 | G29: =F29/E29 -> 0.2 | H29: 6 | I29: =H29/H32 -> 0.011904762
D30: Avaliação Anestésica ASA 5 | E30: 0 | F30: 0 | G30: =F30/E30 -> #DIV/0! | H30: 0 | I30: =H30/H32 -> 0
A31: 3.1 Indicadores Mortalidade Operatória (TMO) | D31: Avaliação Anestésica ASA 6 | E31: 0 | F31: - | G31: - | H31: - | I31: -
B32: % | D32: Total | E32: =SUM(E26:E31) -> 456 | F32: =SUM(F26:F30) -> 5 | G32: =SUM(G26:G30) -> #DIV/0! | H32: =SUM(H26:H30) -> 504 | I32: =SUM(I26:I30) -> 1
A33: Taxa de Mortalidade Operatória | B33: =B27/B28 -> 0.010964912 | D33: C.G., PAG. 47, 2.8.6. O cumprimento da meta está relacionado ao envio do relatório / ata mensal, elaborado pela Comissão de Óbito do Hospital, com a análise dos resultados da TMO e TM, com o comparativo de referência, devidamente assinado pelos seus membros.
A35: 3.2 Indicadores Mortalidade Institucional (TM)
B36: %
A37: Taxa de Mortalidade Institucional | B37: =(B26/B29) -> 0.043478261
A39: 3.4 Mortalidade Intra-Hospitalar Neonatal
B40: Nascidos Vivos | C40: Apgar 1 min >= 7 | D40: Apgar 5 min >= 7 | E40: Nascidos Mortos | F40: Óbitos 0-6 dias | G40: Óbitos 7-28 dias | H40: Óbitos 29 dias e +
A41: < 500g | B41: 0 | C41: 0 | D41: 0 | E41: 0 | F41: 0 | G41: 0 | H41: 0
A42: 500 - 749g | B42: 1 | C42: 0 | D42: 0 | E42: 0 | F42: 0 | G42: 0 | H42: 0
A43: 750 - 999g | B43: 0 | C43: 0 | D43: 0 | E43: 1 | F43: 0 | G43: 0 | H43: 0
A44: 1000 - 1249g | B44: 0 | C44: 0 | D44: 0 | E44: 0 | F44: 0 | G44: 0 | H44: 0
A45: 1250 - 1499g | B45: 0 | C45: 0 | D45: 0 | E45: 1 | F45: 0 | G45: 0 | H45: 0
A46: 1500 - 1749g | B46: 0 | C46: 0 | D46: 0 | E46: 0 | F46: 0 | G46: 0 | H46: 0
A47: 1750 - 1999g | B47: 0 | C47: 0 | D47: 0 | E47: 0 | F47: 0 | G47: 0 | H47: 0
A48: 2000-2249g | B48: 3 | C48: 0 | D48: 2 | E48: 0 | F48: 0 | G48: 0 | H48: 0
A49: 2250 - 2499g | B49: 2 | C49: 0 | D49: 2 | E49: 0 | F49: 0 | G49: 0 | H49: 0
A50: 2500g e + | B50: 82 | C50: 0 | D50: 81 | E50: 0 | F50: 0 | G50: 0 | H50: 0
A51: Total | B51: =SUM(B41:B50) -> 88 | C51: =SUM(C41:C50) -> 0 | D51: =SUM(D41:D50) -> 85 | E51: =SUM(E41:E50) -> 2 | F51: =SUM(F41:F50) -> 0 | G51: =SUM(G41:G50) -> 0 | H51: =SUM(H41:H50) -> 0
A54: 4. Indicadores de Segurança do Paciente
A55: Nº de notificações de LPP na UTI no mês | C55: 3 | D55: =C55/C56 -> 0.068181818
A56: Nº de pacientes em risco para LPP no mês | C56: 44
A57: CG, PAG.47, 2.9.3. O cumprimento da meta está relacionado ao envio do relatório / ata mensal, elaborado pelo Núcleo de Segurança do Paciente, com o resultado mensal do índice de LPP nas UTI’s e o comprovante da notificação do evento adverso, quando ocorrer, no sistema de monitoramento do Ministério da Saúde. O relatório deverá estar assinado pelo enfermeiro responsável e Diretor Geral do Hospital. Também deverá ser enviado o registro de treinamento trimestral dos protocolos de segurança do paciente e outros treinamentos relacionados.

Sheet Qualidade PSU
A1: Planilha - Indicadores de Qualidade Mensais - Pesquisa de Satisfação
A3: Hospital: | B3: =Capa!D5 -> HOSPITAL REGIONAL TEREZINHA GAIO BASSO
A4: Mês/Ano: | B4: 45778
A6: 1. Pesquisa de Satisfação
A7: SETOR | C7: Nº total de pacientes atendidos no grupo | E7: Nº de pesquisas realizadas no grupo
A8: Pacientes ou acompanhantes em atendimento no serviço de urgência e emergência | C8: 2937 | E8: 277
A9: Pacientes ou acompanhantes de pacientes internados | C9: 759 | E9: 178
A10: Pacientes ou acompanhantes de pacientes em atendimento ambulatorial ou SADT Externo | C10: =3528+3826 -> 7354 | E10: 345
A11: Pacientes ou acompanhantes de pacientes após alta hospitalar | C11: 667 | E11: 157
A12: Total | C12: =SUM(C8:D11) -> 11717 | E12: =SUM(E8:F11) -> 957
A14: 2. Nível de Satisfação Geral do Hospital
A15: Setores | B15: Total de atendimentos | C15: Encantado | D15: Satisfeito | E15: Insatisfeito | F15: Decepcionado | G15: Quantitativo | H15: % de Participação | I15: SATISFATORIO | J15: INSATISFATÓRIO
A16: Atendimento de Urgência e Emergência | B16: =C8 -> 2937 | C16: 390 | D16: 2183 | E16: 83 | F16: 114 | G16: =SUM(C16:F16) -> 2770 | H16: =(E8/C8)*100 -> 9.4313926 | I16: =(C16+D16)/G16 -> 0.92888087 | J16: =(E16+F16)/G16 -> 0.071119134
A17: Setores de Internação - Paciente Internados | B17: =C9 -> 759 | C17: 300 | D17: 1101 | E17: 35 | F17: 27 | G17: =SUM(C17:F17) -> 1463 | H17: =(E9/C9)*100 -> 23.45191 | I17: =(C17+D17)/G17 -> 0.95762133 | J17: =(E17+F17)/G17 -> 0.042378674
A18: Atendimento Ambulatorial ou SADT Externo | B18: =C10 -> 7354 | C18: 735 | D18: 2257 | E18: 99 | F18: 41 | G18: =SUM(C18:F18) -> 3132 | H18: =(E10/C10)*100 -> 4.6913244 | I18: =(C18+D18)/G18 -> 0.95530013 | J18: =(E18+F18)/G18 -> 0.044699872
A19: Pacientes - Após Alta Hospitalar | B19: =C11 -> 667 | C19: 226 | D19: 1173 | E19: 6 | F19: 8 | G19: =SUM(C19:F19) -> 1413 | H19: =(E11/C11)*100 -> 23.538231 | I19: =(C19+D19)/G19 -> 0.990092 | J19: =(E19+F19)/G19 -> 0.0099079972
A20: TOTAL - GERAL | B20: =SUM(B16+B18+B17+B19) -> 11717 | C20: =SUM(C16+C18+C17+C19) -> 1651 | D20: =SUM(D16+D18+D17+D19) -> 6714 | E20: =SUM(E16+E18+E17+E19) -> 223 | F20: =SUM(F16+F18+F17+F19) -> 190 | G20: =SUM(G16:G19) -> 8778 | H20: =SUM(H16:H19) -> 61.112858 | I20: =(C20+D20)/G20 -> 0.95295056 | J20: =(E20+F20)/G20 -> 0.047049442
A21: CG, PAG. 45, 2.6.5. A meta para o nível de satisfação geral do Hospital (encantado e satisfeito) deverá ser igual ou maior que 90% no trimestre. A EXECUTORA deverá encaminhar a pesquisa detalhada apresentando o nível de satisfação por área avaliada e o quantitativo de Ouvidoras mensais recebidas e estratificadas pelo tipo de manifestação.

Sheet Recursos Humanos
A1: Planilha - Indicadores de Recursos Humanos Mensais
A3: Hospital: | B3: =Capa!D5 -> HOSPITAL REGIONAL TEREZINHA GAIO BASSO
A4: Mês/Ano: | B4: 45778
A6: Nº de Funcionários | D6: Nº de Funcionários Administrativos | I6: Nº de Funcionários Técnicos
B7: Quantidade | D7: Especficação Cargo | I7: Especficação Cargo
A8: Nº Total Funcionários (Todos os Vínculos) | B8: =B19+B29+B38+B48+B52+F72+K26 -> 526 | E8: Estatutários | F8: Celetista | G8: Cedido | J8: Estatutários | K8: Celetista | L8: Cedido
B9: =IF(B19+B29+B38+B48+B52+E72+F72+G72+J26+K26+L26=B8,"OK","REVER") -> OK | D9: Analista de Recursos Humanos | F9: 1 | I9: Assistente Social | K9: 2
D10: Analista Departamento Pessoal | F10: 1 | I10: Auxiliar Farmácia | K10: 16
A11: Rotatividade de Funcionários | D11: Analista Financeiro | F11: 1 | I11: Biólogo
B12: Quantidade | D12: Assessora de Imprensa | F12: 1 | I12: Farmacêutico | K12: 5
A13: N° Admissões | B13: 22 | D13: Assistente Administrativo | F13: 1 | I13: Farmacêutico Bioquímica | K13: 7
A14: N° Demissões | B14: 14 | D14: Assistente Administrativo- Contabilidade | F14: 2 | I14: Farmacêutico- Ocologia | K14: 2
A15: N° Total de Funcionários (CLT) | B15: =B22+B31+B40+K26+F72 -> 429 | D15: Assistente administrativo -Manutenção | F15: 1 | I15: Farmacêutica Clinica | K15: 1
D16: Assistente Administrativo-Agendamento | F16: 0 | I16: Fisioterapeuta | K16: 7
A17: Médicos | D17: Assistente Administrativo-Almoxarifado | F17: 1 | I17: Fonoaudióloga | K17: 1
B18: Quantidade | D18: Assistente Administrativo-Faturamento | F18: 3 | I18: Imagenologia (Técnico em Radiologia) | K18: 12
A19: N° Total de Médicos | B19: =SUM(B20:B23) -> 97 | D19: Assistente Administrativo-Recepção | F19: 1 | I19: Nutricionista | K19: 1
A20: PJ | B20: 97 | D20: Assistente de Compras | F20: 1 | I20: Nutricionista Clinica | K20: 1
A21: Estatutários | B21: 0 | D21: Assistente de Diretoria | F21: 1 | I21: Psicóloga Hospitalar | K21: 1
A22: Celetistas | B22: 0 | D22: Auxiliar Administrativo - NIR | F22: 3 | I22: Psicologo | K22: 2
A23: Cedidos | B23: 0 | D23: Auxiliar Administrativo- FIN-FARM-IMAG. | F23: 2 | I23: CASO TENHA OUTROS INCLUIR ABAIXO:
D24: Auxiliar de Cozinha | F24: 6 | I24: BIOMÉDICO | K24: 1
D25: Auxiliar de Lavanderia | F25: 9
D26: Auxiliar de Limpeza | F26: 26 | I26: TOTAL | J26: =SUM(J9:J25) -> 0 | K26: =SUM(K9:K25) -> 59 | L26: =SUM(L9:L25) -> 0
A27: Nº de Enfermeiros | D27: Auxiliar de Limpeza-Jardinagem | F27: 1
B28: Quantidade | D28: Auxiliar de manutenção | F28: 1
A29: N° Total Enfermeiros | B29: =SUM(B30:B32) -> 46 | D29: Camareira | F29: 1
A30: Estatutários | B30: 0 | D30: Comprador | F30: 1
A31: Celetistas | B31: 46 | D31: Coordenador SCIH | F31: 0
A32: Cedidos | B32: 0 | D32: Copeira Hospitalar | F32: 8
D33: Costureira | F33: 1
D34: Cozinheira Hospitalar | F34: 6
D35: Diretor Adjunto | F35: 1
A36: Nº de Profissionais Técnico de Enfermagem | D36: Diretor Apoio
B37: Quantidade | D37: Diretor Assistencial | F37: 1
A38: Nº Total Técnicos de Enfermagem | B38: =SUM(B39:B41) -> 186 | D38: Diretor Geral | F38: 1
A39: Estatutários | B39: 0 | D39: Eletromecânico | F39: 2
A40: Celetistas | B40: 186 | D40: Engenheiro Civil | F40: 1
A41: Cedidos | B41: 0 | D41: Gerente de Recursos Humanos | F41: 1
D42: Gerente de Serviços Ambulatoriais | F42: 1
D43: Gerente de Serviços Operacionais | F43: 1
D44: Gerente Financeiro | F44: 1
D45: Jovem Aprendiz- Aux. Adm.-Recp.-Imag.-Farm.-Fat.-Manut. | F45: 7
A46: Serviços Terceirizados | D46: Marceneiro | F46: 1
B47: Quantidade | D47: Motorista | F47: 0
A48: N° Total de Profissionais Terceirizados | B48: 0 | D48: Operador de Caldeira | F48: 2
D49: Operador Est. Trat. Esgoto | F49: 1
A50: Estagiários | D50: Operador Sistema Climatização | F50: 2
B51: Quantidade | D51: Recepcionista | F51: 16
A52: Especficação: | B52: 0 | D52: Registrador de Cancer | F52: 1
B53: 0 | D53: Supervisor Administrativo | F53: 1
B54: 0 | D54: Técnico de Suporte e Monit. TI | F54: 0
B55: 0 | D55: Técnico Informática | F55: 1
B56: 0 | D56: Técnico Segurança no Trabalho | F56: 2
D57: Telefonista | F57: 2
D58: Vigia | F58: 2
D59: Supervisor Manutenção | F59: 1
D60: Gerente de Suprimentos | F60: 1
D61: CASO TENHA OUTROS INCLUIR ABAIXO:
D62: Analista de TI | F62: 1
D63: Auxiliar Administrativo - ONCOLOGIA | F63: 1
D64: Gerente Assistencial | F64: 1
D65: Gerente Enfernagem | F65: 3
D66: Auxiliar Administrativo (agendamento) | F66: 1
D67: Auxiliar Administrativo | F67: 1
D72: TOTAL | E72: =SUM(E9:E71) -> 0 | F72: =SUM(F9:F71) -> 138 | G72: =SUM(G9:G71) -> 0

Sheet Fármacia
A1: Planilha - Indicadores de Farmácia Mensais
A3: Hospital: | B3: =Capa!D5 -> HOSPITAL REGIONAL TEREZINHA GAIO BASSO
A4: Mês/Ano: | B4: =Assistencial!B4 -> 45778
D5: *Essa listagem deverá ser a curva A da farmácia do HRTGB
A6: Recurso financeiro na aquisição de medicamentos | D6: Aquisição de medicamentos da Curva A
B7: Valor R$ | D7: Medicamento/Apresentação | E7: Nome Comercial | F7: Laboratório Fabricante | G7: Custo Unitário
A8: Recurso financeiro gasto com medicamentos não padronizados | B8: 6629.58 | D8: ALBUMINA HUMANA 20% 50ML | E8: - | F8: - | G8: -
A9: Recurso financeiro gasto com medicamentos de rotina: | B9: 626933.1 | D9: ALFAPORACTANTO 80MG/ML-3ML | E9: CUROSURF | F9: CHIESI FARMACEUTICA LTDA | G9: 1870
D10: ALTEplase 50MG 1 F/A+DIL. 50ML | E10: ACTILYSE | F10: BOEHRINGER INGELHEIM DO BRASIL QUIMICA E FARMACEUTICA LTDA. | G10: 2560
A11: Quantidade de medicamentos adquiridos (princípio ativo - PA) | D11: AMPICILINA 2G + SULBACTAM 1G AMP. ( IV / IM ) | E11: GENÉRICO | F11: FRESENIUS KABI BRASIL LTDA. | G11: 10.5
B12: Nº medicamentos (PA) | D12: CAPECITABINA 500mg - VO | E12: CORETAL | F12: EUROFARMA LABORATORIOS S.A. FILIAL 8 | G12: 1.66
A13: Medicamentos adquiridos não padronizados | B13: 5 | D13: CeFAZolina 1G ( IV / IM ) AMP | E13: GENÉRICO | F13: ABL.ANTIBIOTICOS DO BRASIL LTDA | G13: 3.95
A14: Medicamentos adquiridos padronizados | B14: 285 | D14: CETamina 50MG/ML AMP 10ML ( IV / IM ) | E14: KETAMIN | F14: CRISTALIA PRODUTOS QUIMICOS FARMACEUTICOS LTDA | G14: 64
D15: CETAMINA 50MG/ML AMP 2ML ( IV / IM ) | E15: KETAMIN NP | F15: CRISTALIA PRODUTOS QUIMICOS FARMACEUTICOS LTDA | G15: 14.4
A16: Medicamentos (unidade) com prazo de validade vencido | D16: CETOPROFENO 100MG/100ML (PRONTO USO) | E16: AXIFLENNID | F16: HALEXISTAR INDUSTRIA FARMACEUTICA LTDA | G16: 5.85
A17: Considerar a somatória dos quantitativos de todos os medicamentos | D17: CIPROfloxacino 2MG/ML FR. 100ML ( IV ) | E17: GENÉRICO | F17: PRATI, DONADUZZI & CIA LTDA | G17: 6.95
B18: Nº medicamentos (UN) | D18: CONTRASTE IODADO NÃO-IÔNICO DE BAIXA OSMOLARIDADE EQUIVALENTE A 300mg/mL DE IODO - Frasco 100mL | E18: OMNIPAQUE | F18: GE HEALTHCARE DO BRASIL COMERCIO E SERVICOS PARA EQUIPAMENTOS MEDICO-HOSPITALARES LTDA | G18: 149
A19: Medicamentos vencidos | B19: 91 | D19: DIETA ENTERAL ESPECIALIZADA COM ALTO TEOR CALÓRICO E PROTEICO 2KCAL/ML + 0,1G DE PROTEINA/ML - 500ML | E19: FRESUBIN HP 2KCAL | F19: FRESENIUS KABI BRASIL LTDA. | G19: 76.59
A20: Medicamentos em estoque total | B20: 344113 | D20: DIETA ENTERAL ESPECIALIZADA OLIGOMERICA 1.3KCAL + 0,067G DE PROTEINA/ML - 500ML | E20: OPD SURVIMED | F20: FRESENIUS KABI BRASIL LTDA. | G20: 70.59
D21: DIETA ENTERAL ESPECIALIZADA PARA DM - HIPERCALORICA E HIPERPROTEICA 1.5 KCAL/ML + 0,075G DE PROTEINA/ML - 1000ML | E21: DIBEM 1,5KCAL HP | F21: FRESENIUS KABI BRASIL LTDA. | G21: 70.2
D22: DIETA ENTERAL PADRÃO HIPERCALORICA E HIPERPROTEICA 1.5 KCAL/ML + 0,075G DE PROTEINA/ML - 1000ML | E22: HP ENERGY | F22: FRESENIUS KABI BRASIL LTDA. | G22: 64.17
D23: DIETA PARENTERAL ACESSO CENTRAL – 1070KCAL/L + 56.9G DE AMINOACIDOS + 80% OLEO DE OLIVA - 1000ML | E23: - | F23: - | G23: -
D24: DIETA PARENTERAL ACESSO CENTRAL –1140KCAL/L + 88.6G DE AMINOACIDOS + 80% OLEO DE OLIVA - 2000ML | E24: - | F24: - | G24: -
D25: DIPIRONA 500MG/ML AMP. 2ML ( IV / IM ) | E25: DIPIFARMA | F25: FARMACE - INDUSTRIA QUIMICO-FARMACEUTICA CEARENSE LTDA | G25: 0.5
D26: ENOXAparina 40MG/0,4ML SER. ( IV / SC ) | E26: HEPTRIS | F26: VIATRIS FARMACEUTICA DO BRASIL LTDA | G26: 12.19
D27: ENOXAparina 60MG/0,6ML SER ( IV / SC ) | E27: HEPARINOX | F27: CRISTALIA PRODUTOS QUIMICOS FARMACEUTICOS LTDA | G27: 17
D28: FentaNILA 0,05MG/ML AMP. 10ML ( IV / IM ) | E28: UNIFENTAL | F28: UNIAO QUIMICA FARMACEUTICA NACIONAL S A - FILIAL 9 | G28: 2.95
D29: FILGRASTIM 300MCG/0,5ml - SC SERINGA (PRONTO PRA USO) | E29: FIPRIMA | F29: EUROFARMA LABORATORIOS S.A. FILIAL 8 | G29: 40
D30: FLUORURACILA 2500MG/50ML – EV | E30: FAULDFLUOR | F30: LIBBS FARMACEUTICA LTDA | G30: 91.25
D31: GENCITABINA 1000MG – EV | E31: GCIB | F31: CRISTALIA PRODUTOS QUIMICOS FARMACEUTICOS LTDA | G31: 58.9
D32: HEPArina 5.000UI/0,25ML AMP. 0,25ML ( SC ) | E32: PARINEX | F32: HIPOLABOR FARMACEUTICA LTDA | G32: 4.95
D33: IRINOTECANO 100MG/5ML - EV | E33: GENERICO | F33: EUROFARMA LABORATORIOS S.A. FILIAL 8 | G33: 34
D34: LEUCOVORIN (FOLINATO DE CÁLCIO) 300MG/30ML | E34: GENERICO | F34: EUROFARMA LABORATORIOS S.A. FILIAL 8 | G34: 107.5
D35: LEUPRORRELINA 22,5MG SC - SERINGA C/ PÓ LIÓFILO E SERINGA C/ DILUENTE | E35: ELIGARD | F35: ZODIAC-PRODUTOS FARMACEUTICOS S.A. | G35: 510.95
D36: MEROPENEM 1G AMP. ( IV ) | E36: GENERICO | F36: ABL.ANTIBIOTICOS DO BRASIL LTDA | G36: 14
D37: MIDAzolam 5MG/ML AMP. 10ML ( IV / IM / RETAL ) | E37: GENERICO | F37: LABORATORIO TEUTO BRASILEIRO S/A | G37: 2.6
D38: NOREPinefrina 1MG/ML AMP. 4ML (IV ) | E38: - | F38: - | G38: -
D39: OCTREOTIDA 0,1MG/ML | E39: OCTRIDE 100 | F39: SUN FARMACEUTICA DO BRASIL LTDA | G39: 63.89
D40: OMEPRAZOL 40MG FR. ( IV ) | E40: UNIPRAZOL | F40: UNIAO QUIMICA FARMACEUTICA NACIONAL S A - FILIAL 9 | G40: 7.4
D41: OXALiplatina 100MG/20ML - EV | E41: GENÉRICO | F41: BLAU FARMACEUTICA S.A. | G41: 69.9
D42: PACLITAXEL 300MG/50ML - EV | E42: GENÉRICO | F42: ACCORD FARMACEUTICA LTDA | G42: 80.71
D43: PIPERACILINA 4G + TAZOBACTAM 0,5G AMP. ( IV ) | E43: GENERICO | F43: LABORATORIO TEUTO BRASILEIRO S/A | G43: 16
D44: PROPOfol 10MG/ML 20ML ( IV ) AMP | E44: PROPOVAN | F44: CRISTALIA PRODUTOS QUIMICOS FARMACEUTICOS LTDA | G44: 7.65
D45: ROCUrônio 10MG/ML 5ML | E45: UNIREZ | F45: UNIAO QUIMICA FARMACEUTICA NACIONAL S A - FILIAL 9 | G45: 9.1
D46: SEVOflurano 250ML FR | E46: SEVOCRIS | F46: CRISTALIA PRODUTOS QUIMICOS FARMACEUTICOS LTDA | G46: 338
D47: SOLUÇÃO FISIOLOGICA 0,9% 1000ML | E47: GENÉRICO | F47: EUROFARMA LABORATORIOS S.A. FILIAL 8 | G47: 6.8
D48: SOLUÇÃO FISIOLOGICA 0,9% 100ML | E48: GENÉRICO | F48: FRESENIUS KABI BRASIL LTDA. | G48: 2.76
D49: SOLUÇÃO FISIOLOGICA 0,9% 250ML | E49: GENÉRICO | F49: EQUIPLEX INDUSTRIA FARMACEUTICA LTDA - | G49: 3.5
D50: SOLUÇÃO FISIOLOGICA 0,9% 500ML | E50: GENÉRICO | F50: FRESENIUS KABI BRASIL LTDA. | G50: 4.19
... D53: VANCOmicina 500MG AMP. ( IV ) | E53: GENÉRICO | F53: LABORATORIO TEUTO BRASILEIRO S/A | G53: 4.39

Sheet Materiais
A1: Planilha - Indicadores de Materiais
A3: Hospital: | B3: =Assistencial!B3 -> HOSPITAL REGIONAL TEREZINHA GAIO BASSO
A4: Mês/Ano: | B4: 45778
D5: *Essa listagem deverá ser a curva A do almoxarifado do HRTGB
A6: Aquisição de materiais Técnico Hospitalares | D6: Preços de Aquisição de materiais hospitalares
B7: Valor R$ | D7: Material/Apresentação | E7: Lab. Fabricante | F7: Custo Unitário
A8: Recurso financeiro gasto com materiais não padronizados | B8: 0 | D8: AGULHA HUBER C/ DISPOSITIVO DE SEGURANÇA E LINHA DE INFUSAO 20Gx15mm P/ PUNÇÃO DE CATETER TOTALMENTE IMPLANTAVEL | E8: LABORATORIOS B BRAUN SA | F8: 42.95
A9: Recurso financeiro gasto com materiais de rotina: | B9: 258600.04 | D9: AGULHA HUBER C/ DISPOSITIVO DE SEGURANÇA E LINHA DE INFUSAO 20Gx20mm P/ PUNÇÃO DE CATETER TOTALMENTE IMPLANTAVEL | E9: LABORATORIOS B BRAUN SA | F9: 51.26
D10: AGULHA PARA ANESTESIA DE PLEXO REVESTIDA DE TEFLON | E10: LABORATORIOS B BRAUN SA | F10: 91.34
A11: Materiais Técnico Hospitalares (unidade) com prazo de validade vencido | D11: BOMBA DE INFUSÃO ELASTOMERICA PORTATIL P/ TERAPIA DE INFUSÃO A CURTO E LONGO PRAZO CAPACIDADE P/ 270ML-5mL/hora- DESCARTÁVEL C/ POCHETE | E11: - | F11: -
A12: Considerar a somatória dos quantitativos de todos os materiais | D12: CAMPO OPERATORIO ESTRELA 45X50 35G C/ FIO RADIOPACO - PCT C/50UN - NÃO ESTÉRIL | E12: CREMER | F12: 142.1
B13: Nº materiais (UN) | D13: CANETA MONOPOLAR P/ ELETROCAUTÉRIO CONTROLE MANUAL - DESCARTÁVEL | E13: DBI COMÉRCIO E IMPORTAÇÃO LTDA | F13: 8.9
A14: Materiais vencidos | B14: 12 | D14: CAPILAR - DIALISADOR P/ HEMODIALISE DE BAIXO FLUXO - SUPERFICIE EFETIVA (m²) 1.8 - HPS F8 | E14: FRESENIUS MEDICAL CARE LTDA | F14: 158.78
A15: Materiais em estoque total | B15: 143195 | D15: CATETER DUPLO LUMEN 16X16 20CM (7F) | E15: BIOMEDICAL EQUIPAMENTOS E PROD MEDICO-CIRURGICOS LTDA | F15: 53.9
D16: CATETER INTRAV. PERIF. Nº 20 C/ DISP. DE SEGURANÇA | E16: QR CONSULTING, IMPORTACAO E DISTRIBUICAO | F16: 2.21
A17: Mat. Hosp. adquiridos que não pertencem à padronização do hospital | D17: CATETER INTRAV. PERIF. Nº 22 C/ DISP. DE SEGURANÇA | E17: QR CONSULTING, IMPORTACAO E DISTRIBUICAO | F17: 2.21
A18: Considerar a somatória dos quantitativos de todos os materiais | D18: CATETER TOTALMENTE IMPLANTÁVEL DE 8.5 FR X 80CM PARA INFUSÃO DE QUIMIOTERÁPICOS | E18: LABORATORIOS B BRAUN SA | F18: 907.8
B19: Nº materiais | D19: CONJUNTO DE LINHAS DE SANGUE (ARTERIAL + VENOSA) DE USO ÚNICO PARA HEMODIÁLISE C/ EQUIPO DE SORO E ISOLADOR (FRESENIUS) | E19: FRESENIUS MEDICAL CARE LTDA | F19: 42.35
A20: Materiais adquiridos não padronizados | B20: 0 | D20: CURATIVO DE HIDROFIBRA 15X15CM COM PRATA IONICA | E20: - | F20: -
A21: Materiais adquiridos padronizados total | B21: 232 | D21: ELETRODO DESC. ADULTO | E21: DBI COMÉRCIO E IMPORTAÇÃO LTDA | F21: 0.28
D22: Equipo Bomba de Dieta Santronic - EQUIPO PARA BOMBA DE INFUSÃO SAMTRONIC ENTERAL S/FILTRO EI 0623 T000 | E22: SAMTRONIC INDUSTRIA E COMERCIO LTDA | F22: 22
D23: Equipo Bomba Fotossensível Santronic - EQUIPO PARA BOMBA DE INFUSÃO SAMTRONIC S/FILTRO FOTO EI 0422 0000 | E23: SAMTRONIC INDUSTRIA E COMERCIO LTDA | F23: 22
D24: Equipo Bomba Normal Santronic - EQUIPO PARA BOMBA DE INFUSÃO SAMTRONIC S/FILTRO EI 0421 0000 | E24: SAMTRONIC INDUSTRIA E COMERCIO LTDA | F24: 21
D25: EQUIPO MACRO C/ENTRADA DE AR E INJ. LATERAL | E25: MEDIX | F25: 0.8
D26: EXTENSOR PACIENTE COM ANTIRREFLUXO UMA VIA | E26: 1000MEDIC | F26: 11.09
D27: F.MONONYLON 3.0 C/A P1663T | E27: JOHNSON | F27: 12.08
D28: F.VICRYL 1 C/A J535H | E28: JOHNSON | F28: 40.73
D29: GAZE 10X10 13FIOS C/10UNID ESTERIL | E29: CREMER | F29: 2.1
D30: GAZE 7,5X7,5 11FIOS C/10UNID. ESTERIL | E30: CREMER | F30: 0.95
D31: KIT SERINGA ANGIOGRÁFICA COM 2 SERINGAS DE 200ml + 2 “J” + 1 tubo (duas vias) PARA BOMBA INJETORA SINO POWER D | E31: 1000MEDIC | F31: 129
D32: LUVA PROCED. MÉDIA NITRÍLICA SEM PÓ | E32: MEDIX | F32: 16.99
D33: LUVA PROCEDIMENTO MEDIA COM PÓ - CX/100UNID | E33: MEDIX | F33: 18.49
... D38: TIRAS P/ HGT | E38: MEDLEVENSOHN COMERCIO E REPRESENTACOES DE PRODUTOS HOSPITALARES LTDA | F38: 0.38

Sheet Financeiro
A1: Planilha - Financeira Mensal
A2: UNIDADE
A3: =Assistencial!B3 -> HOSPITAL REGIONAL TEREZINHA GAIO BASSO
A4: Mês/Ano:
A5: =Assistencial!B4 -> 45778
A7: DESCRIÇÃO | B7: =A5 -> 45778
A8: RECEITAS OPERACIONAIS | B8: R$
A9: Repasse Contrato de Gestão (Valor de custeio bruto) | B9: 5561424
A10: Repasse Contrato de Gestão - Retenção de Investimento (caso ocorra) | B10: 0
A11: Repasse Programas Especiais | B11: 0
A12: Desconto (Meta Não Atingida) | B12: 0
A13: Glosa de Recurso (Desconto) | B13: 0
A14: TOTAL REPASSES (Receita Líquida recebida da SES) | B14: =B9+B10+B11-B12-B13 -> 5561424
A15: Resultado de Aplicação Financeira | B15: 200668.57
A16: Reembolso de Despesas | B16: 0
A17: Obtenção de Recursos Externos a SES | B17: 0
A18: Demais Receitas (Convênios) | B18: =114232.88+36988.5+557.5+100499.27 -> 252278.15
A19: Receitas Extras | B19: 0
A20: Outras Receitas | B20: 253.73
A21: TOTAL OUTRAS RECEITAS | B21: =SUM(B15:B20) -> 453200.45
A22: TOTAL DE RECEITAS OPERACIONAIS | B22: =B21+B14 -> 6014624.4
A24: =A7 -> DESCRIÇÃO | B24: =B7 -> 45778
A25: DESPESAS OPERACIONAIS | B25: R$
A26: 1. Pessoal | B26: =SUM(B28:B37) -> 2284490.9
A27: 1.1. Ordenados (Não inclui férias, 13º e Rescisão) | B27: =SUM(B28:B29) -> 1752011.3
A28: 1.1.1. Assistencial | B28: =1745114.3-11492.76+18389.78 -> 1752011.3
A29: 1.1.2. Administrativo | B29: 0
A30: 1.2. INSS do Empregador | B30: 0
A31: 1.3. FGTS | B31: =202666.92-12935.3 -> 189731.62
A32: 1.4. PIS | B32: 0
A33: 1.5. Benefícios | B33: 0
A34: 1.6. Provisões (Férias) - Retenções | B34: =213204.66-2535.63 -> 210669.03
A35: 1.7. Provisões (13º sal) - Retenções | B35: =134326.79-589.45 -> 133737.34
A36: 1.8. Provisões (Rescisões) - Retenções | B36: =8169.69-9828.13 -> -1658.44
A37: 1.9. Despesas Judiciais Trabalhistas | B37: 0
A38: 2. Insumos Assistenciais | B38: =SUM(B39:B43) -> 996352.8
A39: 2.1. Materiais Descartáveis | B39: =247711.33-693.44+23964.89+78402.52-0.02+408.34 -> 349793.62
A40: 2.2. Medicamentos | B40: =357764.01-4899.97+172923.68-B41 -> 493008.4
A41: 2.3. Dietas Industrializadas | B41: 32779.32
A42: 2.4. Gases Medicinais | B42: 35884.98
A43: 2.5. OPME (Orteses, Próteses e Materiais Especiais) | B43: 84886.48
A44: 3. Materiais/Consumos Diversos | B44: =SUM(B45:B52) -> 382976.39
A45: 3.1. Material de Higienização e Limpeza | B45: =45118.65+10296.71 -> 55415.36
A46: 3.2. Material/Gêneros Alimentícios | B46: =112854.06-6.16 -> 112847.9
A47: 3.3. Material Expediente | B47: =29021.24-0.04 -> 29021.2
A48: 3.4. Combustível | B48: 33369.9
A49: 3.5. GLP | B49: 7910.72
A50: 3.6. Material de Manutenção | B50: 67728.85
A51: 3.7. Outras Despesas com Materiais Diversos | B51: =76682.5-0.04 -> 76682.46
A52: 3.8 EPI | B52: 0
A53: 4. Seguros/Tributos/Despesas Bancárias | B53: =SUM(B54:B56) -> 10551.33
A54: 4.1. Seguros (Imóvel e veículos) | B54: 1227.67
A55: 4.2. Tributos (Impostos e Taxas) | B55: 9323.66
A56: 4.3. Despesas Bancárias (Juros/Taxas) | B56: 0
A57: 5. Gerais | B57: =SUM(B58:B62) -> 674059.79
A58: 5.1. Telefonia/Internet | B58: 2345.64
A59: 5.2. Água | B59: 6095.67
A60: 5.3. Energia Elétrica | B60: 49241.28
A61: 5.4. Alugueis | B61: =9753.1+6742.44 -> 16495.54
A62: 5.5. Outras Despesas Gerais | B62: =1239940.12-919603.58+48+673.2+1062.67+3500+1709.71+609.27+36988.5+128720.28-0.01+106233.5 -> 599881.66
A63: 6. Serviços Terceirizados | B63: =B64+B69+B73 -> 2295939.3
A64: 6.1. Assistenciais | B64: =SUM(B65:B68) -> 2004368.1
A65: 6.1.1. Pessoa Jurídica | B65: =1751468.31+234201.04+18698.77 -> 2004368.1
A66: 6.1.2. Pessoa Física | B66: 0
A67: 6.1.3. Cooperativas | B67: 0
A68: 6.1.4. Encargos | B68: 0
A69: 6.2. Administrativos | B69: =SUM(B70:B72) -> 220318.67
A70: 6.2.1. Pessoa Jurídica | B70: =55045.2+25302.93+139970.54 -> 220318.67
A71: 6.2.2. Pessoa Física | B71: 0
A72: 6.2.3. Encargos | B72: 0
A73: 6.3. Contratos de Manutenção | B73: =SUM(B74:B75) -> 71252.5
A74: 6.3.1. Pessoa Jurídica | B74: 71252.5
A75: 6.3.2. Pessoa Física | B75: 0
A76: TOTAL DE DESPESAS OPERACIONAIS | B76: =B26+B38+B44+B53+B57+B63 -> 6644370.5
A77: RESULTADO (DÉFICIT/SUPERÁVIT) | B77: =B22-B76 -> -629746.06
A79: 7.Investimentos | B79: =SUM(B80:B83) -> 58522.72
A80: 7.1. Equipamentos | B80: 56347.72
A81: 7.2. Móveis e utensílios | B81: 2175
A82: 7.3. Obras e Construções | B82: 0
A83: 7.4. Veículos | B83: 0
A86: DISPONIBILIDADE DE RECURSOS
A87: DESCRIÇÃO | B87: =A5 -> 45778
A88: SALDO INICIAL (1)
A89: DÉBITOS (2) | B89: 0
A90: CRÉDITOS (3) | B90: 0
A91: SALDO FINAL (4 = 1-2+3) | B91: =B88-B89+B90 -> 0
A93: CONTA CORRENTE
A94: DESCRIÇÃO | B94: =B7 -> 45778
A95: SALDO INICIAL (1) | B95: 0
A96: DÉBITOS (2) | B96: 11379046
A97: CRÉDITOS (3) | B97: 11379046
A98: DÉBITO - DEVOLUÇÃO DE EMPRÉSTIMOS (4) | B98: 0
A99: CRÉDITO - EMPRÉSTIMOS (5) | B99: 0
A100: SALDO FINAL (4 = 1-2+3-4+5) | B100: =B95-B96+B97-B98+B99 -> 0
A102: CONTA INVESTIMENTOS
A103: DESCRIÇÃO | B103: =A5 -> 45778
A104: SALDO INICIAL (1) | B104: 23198321
A105: DÉBITOS (2) | B105: =5689009.62 -> 5689009.6
A106: CRÉDITOS (3) | B106: =5897426.74+1336.62-B107 -> 5698094.8
A107: RENDIMENTO APLICAÇÕES (4) | B107: 200668.57
...
